 Dungeon Crawl Stone Soup version 0.26.1-11-gd32895ea62 (webtiles) character file.

Game seed: 16162990344301944723

62198 adizb the Peltast (level 14, 0/130 HPs)
             Began as a Minotaur Monk on June 30, 2021.
             Was the Champion of Qazlal.
             Slain by a six-headed hydra (1 damage)
             ... on level 6 of the Lair of Beasts.
             The game lasted 01:41:25 (12661 turns).

adizb the Peltast (Minotaur Monk)                  Turns: 12661, Time: 01:41:26

Health: 0/130      AC: 24    Str: 25    XL:     14   Next: 63%
Magic:  13/13      EV: 17    Int:  7    God:    Qazlal [******]
Gold:   1493       SH: 24    Dex: 15    Spells: 13/13 levels left

rFire    . . .     SeeInvis .     - Unarmed
rCold    + . .     Faith    .   b - +1 kite shield
rNeg     . . .     Spirit   .   K - +2 troll leather armour
rPois    .         Reflect  .   (helmet restricted)
rElec    .         Harm     .   C - +0 cloak
rCorr    .         Rampage  .   s - +2 pair of gloves
Will     +....     Clarity  +   r - +0 pair of boots
Stlth    +.........             j - amulet of regeneration
HPRegen  1.11/turn              z - ring of protection from cold
MPRegen  0.13/turn              E - ring "Rigg" {AC+4 Str+2}

@: about to teleport, protected from physical damage, repel missiles
A: retaliatory headbutt, horns 2, molten scales 1, agile 1, clarity, strong 1
a: Renounce Religion, Upheaval, Elemental Force, Disaster Area


You were on level 6 of the Lair of Beasts.
You worshipped Qazlal.
Qazlal was exalted by your worship.
You visited 3 branches of the dungeon, and saw 20 of its levels.
You also visited: Ice Cave.

You collected 1493 gold pieces.

Inventory:

Missiles
 m - 12 boomerangs
 P - 8 silver boomerangs
Armour
 b - a +1 kite shield (worn)
 i - a +2 ring mail of cold resistance
 o - a +0 ring mail of positive energy
 r - a +0 pair of boots (worn)
 s - a +2 pair of gloves (worn)
 x - +0 swamp dragon scales
 C - a +0 cloak (worn)
 K - a +2 troll leather armour (worn)
Jewellery
 j - an amulet of regeneration (around neck)
 l - a +6 ring of dexterity
 n - an uncursed ring of willpower
 p - an uncursed ring of poison resistance
 y - an uncursed ring of willpower
 z - a ring of protection from cold (left hand)
 D - the ring "Itoriw" {Fire Int+4}
   (You found it on level 6 of the Dungeon)

   [ring of fire]

   It enhances your fire magic.
   It affects your intelligence (+4).
   It protects you from fire.
   It makes you vulnerable to cold.
 E - the ring "Rigg" (right hand) {AC+4 Str+2}
   (You found it on level 6 of the Dungeon)

   [ring of protection]

   It affects your AC (+4).
   It affects your strength (+2).
Wands
 F - a wand of polymorph (19) (quivered)
 L - a wand of flame (23)
 M - a wand of enslavement (26)
 O - a wand of acid (26)
 Q - a wand of random effects (41)
 S - a wand of paralysis (17)
Scrolls
 c - 7 scrolls of magic mapping
 g - 6 scrolls of fear
 h - 3 scrolls of enchant weapon
 u - 5 scrolls of amnesia
 v - 6 scrolls of fog
 w - 3 scrolls of blinking
 H - 8 scrolls of teleportation
 I - 6 scrolls of remove curse
 J - 4 scrolls of identify
 N - a scroll of noise {unknown}
 U - a scroll of holy word
Potions
 a - 10 potions of curing
 d - a potion of haste {unknown}
 e - 4 potions of ambrosia
 f - 2 potions of might
 k - a potion of magic {unknown}
 q - 2 potions of resistance {unknown}
 t - a potion of heal wounds
 A - a potion of cancellation {unknown}
 B - a potion of degeneration {unknown}
 G - 2 potions of invisibility
 R - a potion of flight {unknown}
 V - a potion of brilliance {unknown}
Miscellaneous
 T - a box of beasts (inert)
 W - a lightning rod (4/4)


   Skills:
 * Level 13.8 Fighting
 * Level 14.2 Armour
 + Level 8.4 Dodging
 - Level 1.5 Stealth
 + Level 16.6 Shields
 * Level 12.8 Unarmed Combat
 - Level 1.2 Evocations


You had 13 spell levels left.
You didn't know any spells.
Your spell library contained the following spells:

 Spells                   Type           Power        Failure   Level
 Beastly Appendage        Tmut           0%           45%         1
 Corona                   Hex            0%           45%         1
 Foxfire                  Conj/Fire      0%           45%         1
 Magic Dart               Conj           0%           45%         1
 Shock                    Conj/Air       0%           45%         1
 Blink                    Tloc           N/A          58%         2
 Call Imp                 Summ           0%           58%         2
 Ensorcelled Hibernation  Hex/Ice        0%           58%         2
 Slow                     Hex            0%           58%         2
 Swiftness                Air            0%           58%         2
 Wereblood                Tmut           0%           58%         2
 Conjure Flame            Conj/Fire      0%           83%         3
 Inner Flame              Hex/Fire       0%           83%         3
 Mephitic Cloud           Conj/Pois/Air  0%           83%         3
 Portal Projectile        Hex/Tloc       0%           83%         3
 Spider Form              Tmut/Pois      0%           83%         3
 Static Discharge         Conj/Air       0%           83%         3
 Airstrike                Air            0%           99%         4
 Cause Fear               Hex            0%           99%         4
 Ice Form                 Ice/Tmut       0%           99%         4
 Leda's Liquefaction      Hex/Erth       0%           99%         4
 Sticky Flame             Conj/Fire      0%           99%         4
 Blade Hands              Tmut           0%           100%        5
 Borgnjor's Vile Clutch   Necr/Erth      0%           100%        5
 Fireball                 Conj/Fire      0%           100%        5
 Irradiate                Conj/Tmut      0%           100%        5
 Lightning Bolt           Conj/Air       0%           100%        5
 Metabolic Englaciation   Hex/Ice        0%           100%        5
 Silence                  Hex/Air        0%           100%        5
 Freezing Cloud           Conj/Ice/Air   0%           100%        6
 Hydra Form               Tmut           0%           100%        6
 Ozocubu's Refrigeration  Ice            0%           100%        6
 Shadow Creatures         Summ           N/A          100%        6
 Simulacrum               Ice/Necr       0%           100%        6
 Statue Form              Tmut/Erth      0%           100%        6
 Dragon Form              Tmut           0%           100%        7


Dungeon Overview and Level Annotations

Branches:
Dungeon (12/15)            Temple (0/1) D:4            Lair (6/6) D:8
 Shoals (0/4) Lair:2        Snake (2/4) Lair:3          Orc (0/2) D:10
  IceCv (visited)
  Slime: Lair:5-6

Altars:
Cheibriados
Fedhas
Kikubaaqudgha
Qazlal
Uskayaw
Vehumet
Wu Jian
Yredelemnul
Beogh

Annotations:
Snake:2 Asterion


Innate Abilities, Weirdness & Mutations

You reflexively headbutt those who attack you in melee.
You have a pair of horns on your head.
You are partially covered in molten scales. (AC +2)
You are agile. (Dex +2)
You possess an exceptional clarity of mind.
Your muscles are strong. (Str +2)


Message History

A blink frog comes into view.
As you read the scroll of teleportation, it crumbles to dust.
You feel strangely unstable.
You hear an angry hiss.
The blink frog is no longer moving slowly.
You block the vampire mosquito's attack.
You block the blink frog's attack. You block the elephant's attack.
The elephant trunk-slaps you but does no damage.
The cane toad stings you!
* * * LOW HITPOINT WARNING * * *
The bullfrog barely misses you.
The elephant is engulfed in freezing vapours.
The blink frog is engulfed in blazing flames.
You block the blink frog's attack. The elephant tramples you!
* * * LOW HITPOINT WARNING * * *
You feel more protected from physical attacks.
You hold your ground!
The elephant trunk-slaps you but does no damage.
The vampire mosquito misses you. The six-headed hydra bites you.
You die...

........≈..≈
..........P
.#.........
..P.......
.........####
...F..☼F○§○.# ##.
##.°†DFF☼.#.F..
#...Fy@FF......
......†YYFF......
......#FY...#....
.........P.#.P...
....F............
.......PP.....##.
.....PPPP....#.
......PP...<..
...P.P.......


You could see a six-headed hydra, 3 elephants, 2 cane toads, 6 blink frogs, a
vampire mosquito and 3 bullfrogs.

Vanquished Creatures
  A frost giant (IceCv)
  Aizul (Snake:1)
  3 naga warriors (Snake:1)
  8 hydras
  An anaconda (Snake:1)
  Erica (D:10)
  3 two-headed ogres
  3 death yaks (IceCv)
  3 naga sharpshooters (Snake:1)
  2 shock serpents (Snake:1)
  A salamander mystic (Snake:1)
  A skeletal warrior (D:10)
  2 orc knights
  6 salamanders
  An ugly thing (D:10)
  An ice statue (IceCv)
  10 black mambas
  A merfolk siren (Lair:2)
  A gargoyle (D:10)
  A naga mage (Snake:1)
  7 cane toads
  The ghost of tizbic2 the Magician, a novice VSTm of Hepliaklqana (D:6)
  4 rime drakes
  Maggie (D:6)
  9 komodo dragons
  A troll (D:9)
  Prince Ribbit (D:6)
  15 polar bears
  14 blink frogs
  8 dream sheep
  3 shadows
  5 wyverns
  A wraith (D:10)
  37 yaks
  Eustachio (D:6)
  5 basilisks
  A steam dragon (Lair:4)
  17 nagas
  Edmund (D:5)
  20 water moccasins
  12 orc warriors
  9 sky beasts
  2 black bears
  A hornet zombie (D:10)
  12 ogres
  4 phantoms
  23 wolves
  5 ice beasts
  4 centaurs
  21 bullfrogs
  A gnoll sergeant (D:6)
  3 scorpions
  3 killer bees (D:10)
  4 wights
  6 howler monkeys
  2 electric eels
  A bullfrog zombie (D:5)
  3 centaur skeletons (D:5)
  A gnoll shaman (D:5)
  6 jellies
  4 hounds
  12 orc priests
  8 orc wizards
  2 bullfrog skeletons
  3 iguanas
  Terence (D:2)
  11 worker ants
  A killer bee zombie (D:8)
  A centaur simulacrum (D:6)
  A hound skeleton (D:10)
  11 gnolls
  A howler monkey skeleton (D:10)
  10 adders
  A shadow imp (D:7)
  3 white imps
  An adder zombie (D:6)
  2 adder skeletons
  3 worms
  3 dart slugs
  2 adder simulacra (D:6)
  5 leopard geckos
  81 orcs
  6 bats
  3 giant cockroaches
  8 goblins
  5 hobgoblins
  22 jackals
  4 quokkas
  A ball python (D:3)
  3 frilled lizards
  9 kobolds
  A quokka skeleton (D:6)
  2 quokka zombies (D:8)
  9 rats
  A spectral orc (D:5)
  2 butterflies (Lair:3)
569 creatures vanquished.

Vanquished Creatures (collateral kills)
  A dream sheep (Lair:6)
1 creature vanquished.

Vanquished Creatures (others)
  A hydra (Lair:6)
  6 fungi
  38 plants
45 creatures vanquished.

Grand Total: 615 creatures vanquished

Notes
Turn   | Place    | Note
-------+----------+-------------------------------------------
     0 | D:1      | adizb the Minotaur Monk began the quest for the Orb.
     0 | D:1      | Reached XP level 1. HP: 19/19 MP: 0/0
    76 | D:1      | Reached skill level 1 in Shields
   227 | D:1      | Reached skill level 1 in Armour
   227 | D:1      | Reached XP level 2. HP: 24/26 MP: 1/1
   383 | D:1      | Reached skill level 2 in Shields
   649 | D:2      | Reached XP level 3. HP: 24/31 MP: 2/2
   665 | D:2      | Reached skill level 3 in Shields
   747 | D:2      | Found a snail-covered altar of Cheibriados.
   994 | D:2      | Noticed Terence
  1018 | D:2      | Killed Terence
  1019 | D:2      | Reached XP level 4. HP: 36/39 MP: 3/3
  1091 | D:3      | Noticed an ice beast
  1121 | D:2      | Killed an ice beast
  1122 | D:2      | Reached skill level 4 in Shields
  1122 | D:2      | Reached XP level 5. HP: 17/45 MP: 4/4
  1150 | D:3      | Reached skill level 5 in Shields
  1241 | D:3      | Noticed an orc warrior
  1307 | D:1      | Killed an orc warrior
  1308 | D:1      | Reached XP level 6. HP: 24/51 MP: 5/5
  1356 | D:3      | Reached skill level 6 in Shields
  1752 | D:3      | Gained mutation: You possess an exceptional clarity of
                  | mind. [potion of mutation]
  1752 | D:3      | Gained mutation: You are agile. (Dex +2) [potion of
                  | mutation]
  1752 | D:3      | Gained mutation: You are partially covered in molten
                  | scales. (AC +2) [potion of mutation]
  1752 | D:3      | Gained mutation: Your muscles are strong. (Str +2) [potion
                  | of mutation]
  2166 | D:4      | Reached skill level 7 in Shields
  2293 | D:4      | Reached XP level 7. HP: 48/57 MP: 6/6
  2315 | D:4      | Found a stormy altar of Qazlal.
  2324 | D:4      | Became a worshipper of Qazlal Stormbringer
  2324 | D:4      | Reached * piety under Qazlal
  2324 | D:4      | Reached ** piety under Qazlal
  2378 | D:4      | Reached skill level 5 in Armour
  2378 | D:4      | Found a stormy altar of Qazlal.
  2712 | D:4      | Reached skill level 8 in Shields
  2734 | D:4      | Found a staircase to the Ecumenical Temple.
  2956 | D:5      | Entered Level 5 of the Dungeon
  2994 | D:5      | Found a snail-covered altar of Cheibriados.
  3119 | D:5      | Found a basalt altar of Yredelemnul.
  3190 | D:5      | Reached XP level 8. HP: 67/67 MP: 7/7
  3343 | D:5      | Noticed Edmund
  3374 | D:5      | Killed Edmund
  3375 | D:5      | Reached skill level 9 in Shields
  3577 | D:5      | Reached skill level 5 in Fighting
  3758 | D:6      | Noticed Maggie
  3766 | D:5      | Reached *** piety under Qazlal
  3789 | D:6      | Killed Maggie
  3790 | D:6      | Reached skill level 5 in Unarmed Combat
  3794 | D:6      | Reached skill level 10 in Shields
  4039 | D:6      | Reached XP level 9. HP: 74/75 MP: 8/8
  4056 | D:6      | Noticed tizbic2's ghost (novice VSTm)
  4068 | D:6      | Noticed Prince Ribbit
  4074 | D:6      | Killed Prince Ribbit
  4190 | D:6      | Noticed Eustachio
  4240 | D:6      | Killed Eustachio
  4392 | D:6      | Found a runed translucent gate.
  4402 | D:6      | Found a runed translucent gate.
  4402 | D:6      | Found a runed translucent gate.
  4431 | D:6      | Killed tizbic2's ghost
  4432 | D:6      | Reached skill level 11 in Shields
  4463 | D:6      | Got the ring "Itoriw" {Fire}
  4466 | D:6      | Got a transparent wooden ring
  4487 | D:6      | Identified the ring "Rigg" {AC+4 Str+2} (You found it on
                  | level 6 of the Dungeon)
  4489 | D:6      | Identified the ring "Itoriw" {Fire Int+4} (You found it on
                  | level 6 of the Dungeon)
  4654 | D:7      | Reached **** piety under Qazlal
  4745 | D:7      | Found a blossoming altar of Fedhas.
  4990 | D:8      | Reached XP level 10. HP: 86/86 MP: 9/9
  5015 | D:8      | Reached skill level 12 in Shields
  5053 | D:8      | Found a staircase to the Lair.
  5098 | D:8      | Found a radiant altar of Vehumet.
  5102 | D:8      | Found an ancient bone altar of Kikubaaqudgha.
  5193 | D:8      | Found a hide-covered altar of Uskayaw.
  5881 | D:9      | Reached skill level 13 in Shields
  6079 | D:9      | Reached ***** piety under Qazlal
  6382 | D:10     | Entered Level 10 of the Dungeon
  6460 | D:9      | Found an ornate altar of the Wu Jian Council.
  6597 | D:10     | Reached skill level 14 in Shields
  6609 | D:10     | Noticed a skeletal warrior
  6627 | D:10     | Noticed Erica
  6629 | D:10     | Killed a skeletal warrior
  6630 | D:10     | Reached XP level 11. HP: 59/94 MP: 10/10
  6636 | D:10     | Killed Erica
  6695 | D:10     | Found a staircase to the Orcish Mines.
  6713 | D:10     | Noticed a brown ugly thing
  6721 | D:10     | Noticed a two-headed ogre
  6723 | D:10     | Killed a brown ugly thing
  6731 | D:10     | Killed a two-headed ogre
  6732 | D:10     | Reached skill level 15 in Shields
  6767 | D:10     | Noticed an orc knight
  6835 | D:10     | Killed an orc knight
  7096 | D:10     | Noticed a two-headed ogre
  7103 | D:10     | Killed a two-headed ogre
  7621 | D:11     | Found a radiant altar of Vehumet.
  7630 | D:11     | Reached skill level 10 in Armour
  7710 | D:11     | Found a roughly hewn altar of Beogh.
  7710 | D:11     | Noticed an orc knight
  7728 | D:11     | Killed an orc knight
  8045 | D:11     | Reached ****** piety under Qazlal
  8125 | D:11     | Noticed a two-headed ogre
  8133 | D:11     | Killed a two-headed ogre
  8134 | D:11     | Reached XP level 12. HP: 104/106 MP: 11/11
  8184 | D:11     | Found a frozen archway.
  8196 | IceCv    | Entered an ice cave
  8279 | IceCv    | Reached skill level 10 in Fighting
  8279 | IceCv    | Reached skill level 5 in Dodging
  8327 | IceCv    | Noticed a death yak
  8343 | IceCv    | Killed a death yak
  8677 | IceCv    | Noticed a death yak
  8697 | IceCv    | Killed a death yak
  8698 | IceCv    | Reached skill level 10 in Unarmed Combat
  8850 | IceCv    | Noticed a death yak
  8856 | IceCv    | Killed a death yak
  8895 | IceCv    | Noticed a frost giant
  8905 | IceCv    | Killed a frost giant
  9158 | D:11     | Noticed an eight-headed hydra
  9163 | D:11     | Killed an eight-headed hydra
  9164 | D:11     | Reached XP level 13. HP: 109/116 MP: 12/12
  9328 | Lair:1   | Entered Level 1 of the Lair of Beasts
  9510 | Lair:2   | Found a staircase to the Shoals.
  9641 | Lair:2   | Reached skill level 16 in Shields
  9734 | Lair:2   | Found a gate leading to a gauntlet.
 11040 | Lair:3   | Found a staircase to the Snake Pit.
 11106 | Snake:1  | Entered Level 1 of the Snake Pit
 11284 | Snake:1  | Reached skill level 1 in Evocations
 11388 | Snake:1  | Reached XP level 14. HP: 126/127 MP: 13/13
 11443 | Snake:2  | Noticed Aizul
 11470 | Snake:1  | Killed Aizul
 11489 | Snake:2  | HP: 1/129 [salamander/+0 trident (10)]
 11577 | Snake:2  | Noticed Asterion
 12637 | Lair:6   | Entered Level 6 of the Lair of Beasts
 12661 | Lair:6   | HP: 1/130 [elephant (16)]
 12661 | Lair:6   | Slain by a six-headed hydra

Illustrated notes

Levels and vault maps discovered:
D:1:      minmay_arrival_cross, layout_loops_ring, chequers_big_river
D:2:      layout_basic, nicolae_overflow_hidden_temple, uniq_terence
D:3:      layout_loops_ring
D:4:      layout_basic, old_standard_altar, minmay_temple_entry_from_below_a,
          kennysheep_nub, nicolae_qazlal_eye_of_the_storm
D:5:      layout_loops_cross, yredelemnul_forgotten_temple_becter,
          amcnicky_altar_gilded, uniq_edmund
D:6:      layout_loops_ring, gammafunk_ghost_icy, uniq_eustachio,
          uniq_prince_ribbit1, uniq_maggie
D:7:      layout_rooms, fedhas_altar_3
D:8:      layout_cave_pods, chequers_temple_overflow_statue_of_worship,
          minmay_lair_entry_grove, basic_altar
D:9:      layout_loops_ring, marbit_many_paths
D:10:     wad_arrow_thing, layout_rooms, david_orc_2, uniq_erica
D:11:     layout_roguey [special_room_orc], basic_altar,
          portal_ice_cave_entry_pillars_1, special_room [special_room_orc],
          nrook_mini_vaults
D:12:     layout_irregular_city, drop_trap, uniq_fannar
Lair:1:   layout_cave_pods, serial_bayou_lagoon_b, grunt_megastairs_3,
          serial_bayou_shore_b, lemuel_fruit_tree, uniq_grum
Lair:2:   layout_gridlike, minmay_shoals_entry_lonely_mermaid,
          gauntlet_entry_generic, grunt_megastairs_2
Lair:3:   layout_misc_corridors, minmay_snake_entry_guardpost_medium,
          minivault_27, lemuel_fruit_fields
Lair:4:   layout_long_grid, grunt_megastairs_4
Lair:5:   layout_gridlike
Lair:6:   minmay_lair_end_frog_pond, layout_long_grid,
          nicolae_slime_entry_slimehenge
Snake:1:  layout_concentric_octagons, grunt_megastairs_1
Snake:2:  minmay_snake_river, layout_onion, uniq_asterion, uniq_aizul

Skill      XL: |  1  2  3  4  5  6  7  8  9 10 11 12 13 14 |
---------------+-------------------------------------------+-----
Shields        | 1 2 3 4 5 7 8 10 11 14 15 16 | 16.6
Armour         | 1 2 3 4 5 7 8 9 10 12 13 14 | 14.2
Fighting       | 4 5 7 8 9 11 12 13 | 13.8
Unarmed Combat | 5 6 7 9 10 12 | 12.8
Dodging        | 4 6 7 8 |  8.4
Evocations     | 1 |  1.2
Stealth        | |  1.5

Action                   |  1- 3 |  4- 6 |  7- 9 | 10-12 | 13-15 || total
-------------------------+-------+-------+-------+-------+-------++-------
Melee: Unarmed           |   120 |   184 |   427 |  1006 |   610 ||  2347
       Headbutt          |    23 |    53 |   121 |   293 |   173 ||   663
Evoke: Box of beasts     |       |       |       |       |     2 ||     2
  Use: Potion            |     1 |     2 |       |       |     8 ||    11
       Scroll            |       |     1 |    11 |     3 |     6 ||    21
 Stab: Sleeping          |     1 |       |       |       |       ||     1
Armor: Ring mail         |    30 |       |    20 |       |       ||    50
       Robe              |     2 |       |       |       |       ||     2
       Scale mail        |       |     8 |       |       |       ||     8
       Plate armour      |       |    30 |    64 |       |       ||    94
       Chain mail        |       |    21 |    15 |       |       ||    36
       Swamp dragon scal |       |       |    44 |    45 |       ||    89
       Troll leather arm |       |       |       |   105 |   139 ||   244
Dodge: Dodged            |    32 |    39 |    94 |   175 |   248 ||   588
       Repelled          |       |       |       |     2 |     6 ||     8
Block: Kite shield       |    54 |    84 |   286 |   815 |   735 ||  1974
